 Dungeon Crawl Stone Soup version 0.19.5 (webtiles) character file.

202 tidbits the Slasher (level 5, -3/36 HPs)
             Began as a High Elf Wanderer on July 13, 2017.
             Slain by an ogre
             ... wielding a +0 giant club
              (14 damage)
             ... on level 4 of the Dungeon.
             The game lasted 00:11:41 (1180 turns).

tidbits the Slasher (High Elf Wanderer)             Turns: 1180, Time: 00:11:42

Health: -3/36      AC:  9    Str: 14    XL:     5   Next: 50%
Magic:  6/6        EV: 10    Int: 14    God:
Gold:   73         SH:  0    Dex: 14    Spells: 0 memorised, 4 levels left

rFire  + . .     SeeInvis .     a - +2 falchion
rCold  + . .     Gourm    .     B - +0 ring mail
rNeg   . . .     Faith    .     (no shield)
rPois  +         Spirit   .     E - +0 helmet
rElec  +         Reflect  .     C - +1 cloak
rCorr  +         Harm     .     G - +0 pair of gloves
MR     .....                    (no boots)
Stlth  +.........               (no amulet)
                                K - ring of resist corrosion
                                P - ring of poison resistance

@: resistant
A: no striking features
a: no special abilities


You were on level 4 of the Dungeon.
You were not hungry.

You visited 1 branch of the dungeon, and saw 4 of its levels.

You collected 73 gold pieces.

Inventory:

Hand Weapons
 a - a +2 falchion (weapon)
 b - a +0 dagger
 d - a +0 mace
Missiles
 e - 59 stones (quivered)
 p - 15 arrows
Armour
 B - a +0 ring mail (worn)
 C - a +1 cloak (worn)
   (You found it on level 2 of the Dungeon)
 E - a +0 helmet (worn)
   (You found it on level 2 of the Dungeon)
 G - a +0 pair of gloves (worn)
   (You found it on level 2 of the Dungeon)
Jewellery
 K - a ring of resist corrosion (right hand)
   (You found it on level 3 of the Dungeon)
 P - a ring of poison resistance (left hand)
   (You took it off a goblin on level 1 of the Dungeon)
Wands
 k - a wand of slowing (8/48)
   (You took it off Jessica on level 2 of the Dungeon)
Scrolls
 m - a scroll of fear {unknown}
 n - a scroll of enchant weapon {unknown}
 q - a scroll of teleportation {unknown}
 r - 3 scrolls of remove curse
 s - a scroll of amnesia {unknown}
 u - a scroll of identify {unknown}
 w - a scroll of random uselessness {unknown}
Potions
 c - a potion of lignification {unknown}
 h - 3 potions of resistance
 j - a potion of agility {unknown}
 t - a potion of might {unknown}
 v - a potion of flight {unknown}
 x - a potion of cancellation {unknown}
 z - a potion of berserk rage {unknown}
Comestibles
 f - 2 bread rations
 g - a meat ration
 i - a chunk of flesh
 l - a beef jerky
 o - 4 fruits


   Skills:
 - Level 3.0 Fighting
 + Level 6.6 Long Blades
   Level 1.0 Axes
 - Level 1.7 Armour
 - Level 1.1 Dodging
 - Level 2.1 Stealth


You had 4 spell levels left.
You didn't know any spells.

Dungeon Overview and Level Annotations

Branches:
Dungeon (4/15)
 Temple: D:4-7

Altars:
Gozag

Shops:
D:2 *


Message History

Removed exclusion.
Jessica gestures at you while chanting. Pain shoots through your body!
Unknown command.
Jessica gestures wildly.
Jessica zaps a wand.
You resist with some effort.
It is a wand of slowing.
A hobgoblin comes into view.
Unknown command.
As you read the scroll labeled CIUTHU NEEPOGIB, it crumbles to dust.
It is a scroll of enchant armour.
Your +0 cloak glows green for a moment.
The hobgoblin shouts!
Jessica casts a spell.
Jessica seems to speed up.
The hobgoblin moves out of view.
You hit Jessica.
Jessica is severely wounded.
Jessica hits you but does no damage.
You hit Jessica but do no damage.
Jessica is severely wounded.
Jessica closely misses you.
You riposte.
Your ring mail prevents you from hitting Jessica.
Jessica is severely wounded.
Jessica hits you.
You hit Jessica.
You kill Jessica!
You hit the hobgoblin but do no damage.
The hobgoblin hits you but does no damage.
Your ring mail prevents you from hitting the hobgoblin.
The hobgoblin hits you but does no damage.
You hit the hobgoblin.
The hobgoblin is moderately wounded.
The hobgoblin barely misses you.
You hit the hobgoblin.
You kill the hobgoblin!
k - a wand of slowing {zapped: 1} You see here a robe.
A hobgoblin comes into view. It is wielding a club.
What are your orders? t - Shout!
Orders for allies: a - Attack new target. r - Retreat! s - Stop attacking. g - Guard the area. f - Follow me.
Anything else - Cancel.
You shout for attention!
The hobgoblin shouts!
You hit the hobgoblin.
You kill the hobgoblin!
There is a stone staircase leading down here.
There is a stone staircase leading down here.
You climb downwards.
There is a stone staircase leading up here.
Unknown command.
A kobold comes into view. It is wielding a dagger.
There is a stone staircase leading down here.
The kobold shouts!
The kobold throws a stone.
The stone barely misses you.
You climb downwards.
There is a stone staircase leading up here.
A worker ant and an ogre come into view.
The ogre shouts!
The worker ant twitches its antennae in your direction.
You hit the worker ant.
The worker ant is lightly wounded.
The worker ant closely misses you.
You hit the worker ant.
The worker ant is heavily wounded.
The worker ant barely misses you.
You riposte.
You barely miss the worker ant.
The worker ant is heavily wounded.
You hit the worker ant but do no damage.
The worker ant is heavily wounded.
The worker ant bites you but does no damage.
You barely miss the worker ant.
The worker ant is heavily wounded.
The worker ant bites you.
You hit the worker ant.
The worker ant is severely wounded.
The worker ant bites you.
You closely miss the worker ant.
The worker ant is severely wounded.
The worker ant misses you.
You riposte.
You slash the worker ant!
You kill the worker ant!
You slash the ogre!
The ogre is moderately wounded.
The ogre closely misses you.
You hit the ogre.
The ogre is moderately wounded.
The ogre hits you with a giant club.
You hit the ogre.
The ogre is heavily wounded.
You hit the ogre.
The ogre is heavily wounded.
The ogre hits you with a giant club!
* * * LOW HITPOINT WARNING * * *
It was a potion of resistance.
You feel protected. The ogre barely misses you.
You riposte.
You slash the ogre!
The ogre is almost dead.
You barely miss the ogre.
The ogre is almost dead.
The ogre hits you with a giant club!
You die...

#######
#.#.#.#
####.....#
#.....<#
#@##.#.#
#O##.#...
#.##.#.###
#.##....
#.####.#
#.# #.#
#.. ..#
###


You could see an ogre.

Vanquished Creatures
  Jessica (D:2)
  2 worker ants
  3 gnolls (D:3)
  4 adders
  2 oozes
  2 dart slugs (D:1)
  A leopard gecko (D:1)
  3 ball pythons (D:3)
  5 bats
  4 giant cockroaches
  4 goblins
  6 hobgoblins
  4 jackals (D:1)
  A quokka (D:2)
  A frilled lizard (D:1)
  7 kobolds
  3 rats
53 creatures vanquished.

Notes
Turn   | Place    | Note
-------+----------+-------------------------------------------
     0 | D:1      | tidbits the High Elf Wanderer began the quest for the Orb.
     0 | D:1      | tidbits set off with: a +2 falchion, a +0 mace, a +0 ring mail, a +0 dagger, a bread ration
     0 | D:1      | Reached XP level 1. HP: 16/16 MP: 2/2
    94 | D:1      | Reached skill level 2 in Long Blades
   113 | D:1      | Reached XP level 2. HP: 14/21 MP: 3/3
   294 | D:1      | Reached skill level 3 in Long Blades
   361 | D:1      | Reached XP level 3. HP: 10/26 MP: 4/4
   474 | D:2      | Reached skill level 4 in Long Blades
   618 | D:2      | Found an opulent altar of Gozag.
   618 | D:2      | Found Gozag's Platinum Reserve.
   842 | D:2      | Reached XP level 4. HP: 31/31 MP: 5/5
   865 | D:2      | Reached skill level 5 in Long Blades
   960 | D:2      | Noticed Jessica
  1003 | D:3      | Reached skill level 6 in Long Blades
  1003 | D:3      | Reached XP level 5. HP: 22/36 MP: 6/6
  1115 | D:2      | Killed Jessica
  1167 | D:4      | Noticed an ogre
  1180 | D:4      | Slain by an ogre

Skill      XL: |  1  2  3  4 |
---------------+-------------+-----
Long Blades    | 2 3 4 6 |  6.6
Fighting       | |  3.0
Axes           | |  1.0
Armour         | |  1.7
Dodging        | |  1.1
Stealth        | |  2.1

Action                   |  1- 3 |  4- 6 || total
-------------------------+-------+-------++-------
Melee: Falchion          |   102 |    81 ||   183
       Dagger            |       |     1 ||     1
Throw: Stone             |     1 |     3 ||     4
  Use: Scroll            |     1 |     1 ||     2
       Potion            |       |     1 ||     1
 Stab: Sleeping          |     1 |     1 ||     2
  Eat: Royal jelly       |       |     1 ||     1
Armor: Ring mail         |    51 |    33 ||    84
Dodge: Dodged            |    46 |    38 ||    84
       Rpst.: Falchion   |    15 |    11 ||    26

Table legend:
 A = Turns spent in this place as a percentage of turns spent in the entire game.
 B = Non-inter-level travel turns spent in this place as a percentage of non-inter-level travel turns spent in the entire game.
 C = Inter-level travel turns spent in this place as a percentage of turns spent in this place.
 D = Turns resting spent in this place as a percentage of non-inter-level travel turns spent in this place.
 E = Turns spent auto-exploring this place as a percentage of non-inter-level travel turns spent in this place.
 F = Non-inter-level travel turns spent in this place divided by the number of levels of this place that you've seen.
                   A       B       C       D       E      F
               +-------+-------+-------+-------+-------+----------------------
         Total | 100.0 | 100.0 |   0.1 |   0.0 |   0.0 | 280.0
       Dungeon | 100.0 | 100.0 |   0.1 |   0.0 |   0.0 | 280.0
               +-------+-------+-------+-------+-------+----------------------

Table legend:
 A = Kills in this place as a percentage of kills in entire the game.
 B = Kills by you in this place as a percentage of kills by you in the entire game.
 C = Kills by friends in this place as a percentage of kills by friends in the entire game.
 D = Other kills in this place as a percentage of other kills in the entire game.
 E = Experience gained in this place as a percentage of experience gained in the entire game.
 F = Experience gained in this place divided by the number of levels of this place that you have seen.
                   A       B       C       D       E      F
               +-------+-------+-------+-------+-------+----------------------
         Total | 100.0 | 100.0 |  -nan |  -nan | 100.0 |  72.2
       Dungeon | 100.0 | 100.0 |  -nan |  -nan | 100.0 |  72.2
               +-------+-------+-------+-------+-------+----------------------

Vault maps used:
D:1:      eino_arrival_cavern_d
D:2:      nicolae_gozag_zags_fifth_avenue, uniq_jessica
D:3:      minivault_4
D:4:      corexii_checkpoint_a
